 Dungeon Sprint DCSS version 0.30-a0-1161-g0704695555 (webtiles) character file.

Game seed: 17209083639561020604

2977 rocky1 the Arsonist (level 9, 0/45 HPs)
             Began as a Deep Elf Fire Elementalist on Apr 27, 2023.
             Was a High Priest of Sif Muna.
             Slain by a hellwing (13 damage)
             ... in the Dungeon (Sprint VII: "The Pits") on Apr 28, 2023.
             The game lasted 00:07:45 (1796 turns).

rocky1 the Arsonist (Deep Elf Fire Elementalist)    Turns: 1796, Time: 00:07:45

Health: 0/45       AC:  3    Str:  5    XL:     9   Next: 53%
Magic:  22/26      EV: 12    Int: 25    God:    Sif Muna [*****.]
Gold:   0          SH:  0    Dex: 15    Spells: 3/31 levels left

rFire   . . .        g - +1 quarterstaff (speed)
rCold   . . .        (shield currently unavailable)
rNeg    . . .        a - +0 robe
rPois   .            (no helmet)
rElec   .            (no cloak)
rCorr   .            p - +0 pair of gloves
SInv    .            (no boots)
Will    .....        (no amulet)
Stlth   ++           (no ring)
HPRegen 0.27/turn    (no ring)
MPRegen 0.20/turn

%: no teleportation
@: no status effects
A: no striking features
a: Renounce Religion, Channel Magic, Forget Spell, Divine Exegesis


You were in the Dungeon.
You worshipped Sif Muna.
Sif Muna was extremely pleased with you.
You visited 1 branch

Inventory:

Hand Weapons
 g - a +1 quarterstaff of speed (weapon)
Armour
 a - a +0 robe (worn)
 p - a +0 pair of gloves (worn)
Jewellery
 d - a +3 ring of intelligence
 k - a +3 ring of intelligence
Scrolls
 i - 5 scrolls of amnesia
 j - a scroll of butterflies
Potions
 b - 2 potions of magic
 c - 5 potions of curing
 e - a potion of haste
 f - 5 potions of berserk rage
 h - 2 potions of invisibility
 l - a potion of brilliance
 m - a potion of resistance
 n - a potion of might
 o - 4 potions of mutation


   Skills:
 - Level 2.5 Dodging
 - Level 2.5 Stealth
 + Level 11.9 Spellcasting
 + Level 13.6 Conjurations
 - Level 4.6 Translocations
 * Level 14.1 Fire Magic
 + Level 4.6 Ice Magic
 * Level 0.0 Air Magic
 + Level 8.8 Invocations


You had 3 spell levels left.
You knew the following spells:

 Your Spells              Type           Power      Damage    Failure   Level
a - Foxfire               Conj/Fire      100%       2x1d9     0%          1
b - Scorch                Fire           100%       2d9       1%          2
c - Flame Wave            Conj/Fire      71%        2d16      1%          4
d - Volatile Blastmotes   Fire/Tloc      100%       2d18      1%          3
e - Iskenderun's Mystic   Conj/Tloc      57%        2d12      1%          4
f - Ozocubu's Armour      Ice            38%        N/A       1%          3
g - Plasma Beam           Fire/Air       25%        2x1d41    34%         6
h - Freezing Cloud        Conj/Ice/Air   22%        6-21      10%         5

Your spell library contained the following spells:

 Spells                   Type           Power      Damage    Failure   Level
 Static Discharge         Conj/Air       98%        2-7/arc   1%          2
 Hailstorm                Conj/Ice       57%        3d12      1%          3
 Inner Flame              Hex/Fire       50%        N/A       1%          3
 Sticky Flame             Conj/Fire      71%        2d8       1%          4
 Passage of Golubria      Tloc           37%        N/A       6%          4
 Ignition                 Fire           35%        3d11      63%         8


Dungeon Overview and Level Annotations

Branches:
Dungeon (1/1)

Altars:
Ashenzari
Cheibriados
Dithmenos
Elyvilon
Fedhas
Gozag
Hepliaklqana
Kikubaaqudgha
Makhleb
Nemelex Xobeh
Okawaru
Qazlal
Ru
Sif Muna
Trog
Uskayaw
Vehumet
Wu Jian
Xom
Yredelemnul
Zin
The Shining One
Jiyva
Lugonu


Message History

You see here a +0 pair of gloves.
You start putting on your armour.
You continue putting on your +0 pair of gloves. x4
You finish putting on your +0 pair of gloves.
There is an open door here.
You see here a yak corpse.
There is an open door here.
You see here a dream sheep corpse.
There is an open door, spattered with blood here.
There is an open door here.
There is an open door here.
Things that are here:
a +0 battleaxe; a +0 robe
There is an open door here.
There is an open door to the Storerooms (Easy) here.
There is an open door to the Entrance Hall (Safe) here.
There is an open door to the Entrance Hall (Safe) here.
Casting: Scorch (safe; 1% risk of failure)
Confirm with . or Enter, or press ? or * to list all spells.
Okay, then.
You open the huge gate.
A hellwing and a cane toad come into view.
The hellwing swoops through the air toward you!
The hellwing hits you!
The hellwing hits you but does no damage.
You close the huge gate.
The hellwing hits you.
The hellwing hits you but does no damage.
Casting: Scorch (safe; 1% risk of failure)
Press: ? - help, Q - select action, (/) - cycle Dir - look around, f - activate Flames lash the hellwing but do no damage.
The hellwing barely misses you. The hellwing hits you.
Casting: Scorch (safe; 1% risk of failure)
Press: ? - help, Q - select action, (/) - cycle Dir - look around, f - activate Flames lash the hellwing but do no damage.
The hellwing hits you!
* * * LOW HITPOINT WARNING * * *
The hellwing hits you.
* * * LOW HITPOINT WARNING * * *
You feel better. The hellwing hits you!
You die...

_____.# _____.#
___...###########++######
#####'##................#
')))'.##......#..#......#
#####.##................+
.......'................+
##'#####......#.4#......#
#.....##........@.......#
#####'#####'#####++######
#...รท.##.......##++#
#.....##.......##....
###'####.......##.....
#.....##...<...##.....#
......##.......##..F###
......##.......##..##
########.......#


You could see a hellwing.

Vanquished Creatures
  A phantasmal warrior (D)
  7 dream sheep (D)
  A flying skull (D)
  3 yaks (D)
  A sky beast (D)
  An ice beast (D)
  A phantom (D)
  2 necrophages (D)
  A scorpion (D)
  3 wights (D)
  A crimson imp (D)
  Jessica (D)
  A river rat (D)
  A white imp (D)
  2 ufetubi (D)
  A worm (D)
  A bat (D)
  2 giant cockroaches (D)
  A hobgoblin (D)
  A ball python (D)
  A frilled lizard (D)
34 creatures vanquished.

Vanquished Creatures (others)
  43 foxfires (D)
43 creatures vanquished.

Grand Total: 77 creatures vanquished

Notes
Turn   | Place    | Note
-------+----------+-------------------------------------------
     0 | D        | rocky1 the Deep Elf Fire Elementalist began the quest for
                  | the Orb.
     0 | D        | Reached XP level 1. HP: 10/10 MP: 6/6
    47 | D        | Found a bloodstained altar of Trog.
    47 | D        | Found a shimmering blue altar of Sif Muna.
    47 | D        | Found a viscous altar of Jiyva.
    47 | D        | Found a hazy altar of Hepliaklqana.
    47 | D        | Found an opulent altar of Gozag.
    48 | D        | Found a glowing golden altar of the Shining One.
    48 | D        | Found a glowing silver altar of Zin.
    48 | D        | Found a basalt altar of Yredelemnul.
    48 | D        | Found a shimmering altar of Xom.
    48 | D        | Found an ornate altar of the Wu Jian Council.
    48 | D        | Found a sacrificial altar of Ru.
    48 | D        | Found a stormy altar of Qazlal.
    48 | D        | Found an iron altar of Okawaru.
    48 | D        | Found a sparkling altar of Nemelex Xobeh.
    48 | D        | Found a burning altar of Makhleb.
    48 | D        | Found a blossoming altar of Fedhas.
    48 | D        | Found a white marble altar of Elyvilon.
    48 | D        | Found a shadowy altar of Dithmenos.
    48 | D        | Found a snail-covered altar of Cheibriados.
    51 | D        | Found a corrupted altar of Lugonu.
    51 | D        | Found a radiant altar of Vehumet.
    52 | D        | Found an ancient bone altar of Kikubaaqudgha.
    52 | D        | Found a hide-covered altar of Uskayaw.
    52 | D        | Found a broken altar of Ashenzari.
    53 | D        | Became a worshipper of Sif Muna the Loreminder
    63 | D        | Noticed a scorpion
   109 | D        | Killed a scorpion
   110 | D        | Reached skill level 5 in Spellcasting
   110 | D        | Reached skill level 5 in Conjurations
   110 | D        | Reached skill level 6 in Fire Magic
   110 | D        | Reached XP level 2. HP: 15/15 MP: 0/10
   110 | D        | Reached XP level 3. HP: 19/19 MP: 0/11
   113 | D        | Reached XP level 4. HP: 15/24 MP: 10/13
   254 | D        | Learned a level 2 spell: Scorch
   273 | D        | Reached * piety under Sif Muna
   399 | D        | Reached ** piety under Sif Muna
   401 | D        | Noticed an ice beast
   406 | D        | Killed an ice beast
   407 | D        | Reached skill level 8 in Fire Magic
   407 | D        | Reached XP level 5. HP: 28/28 MP: 6/16
   624 | D        | Learned a level 4 spell: Flame Wave
   628 | D        | Learned a level 3 spell: Volatile Blastmotes
   634 | D        | Noticed a sky beast
   641 | D        | Reached *** piety under Sif Muna
   644 | D        | Killed a sky beast
   645 | D        | Reached skill level 9 in Fire Magic
   645 | D        | Reached XP level 6. HP: 32/32 MP: 4/19
   812 | D        | Reached **** piety under Sif Muna
   813 | D        | Reached skill level 10 in Fire Magic
   816 | D        | Reached skill level 5 in Invocations
   817 | D        | Reached XP level 7. HP: 34/36 MP: 3/21
   927 | D        | Noticed a flying skull
   933 | D        | Killed a flying skull
   934 | D        | Reached skill level 10 in Conjurations
   934 | D        | Reached skill level 11 in Fire Magic
  1121 | D        | Noticed a phantasmal warrior
  1127 | D        | Killed a phantasmal warrior
  1127 | D        | Reached ***** piety under Sif Muna
  1128 | D        | Reached skill level 10 in Spellcasting
  1128 | D        | Reached skill level 12 in Fire Magic
  1128 | D        | Reached XP level 8. HP: 6/41 MP: 13/24
  1368 | D        | Received a gift from Sif Muna
  1581 | D        | Got Sif Muna's Book of Elliptic Glaciation {god gift}
  1587 | D        | Learned a level 4 spell: Iskenderun's Mystic Blast
  1591 | D        | Learned a level 3 spell: Ozocubu's Armour
  1591 | D        | Noticed Jessica
  1591 | D        | Noticed a dream sheep
  1591 | D        | Noticed a dream sheep
  1591 | D        | Noticed a dream sheep
  1591 | D        | Noticed a dream sheep
  1591 | D        | Noticed a dream sheep
  1591 | D        | Noticed a dream sheep
  1591 | D        | Noticed a dream sheep
  1597 | D        | Killed a dream sheep
  1597 | D        | Killed a dream sheep
  1597 | D        | Killed a dream sheep
  1598 | D        | Reached skill level 13 in Fire Magic
  1598 | D        | HP: 2/41 [dream sheep (11)]
  1606 | D        | Killed a dream sheep
  1606 | D        | HP: 2/41 [yak (11)]
  1607 | D        | Reached XP level 9. HP: 3/45 MP: 21/26
  1610 | D        | Received a gift from Sif Muna
  1610 | D        | Killed Jessica
  1612 | D        | Reached skill level 14 in Fire Magic
  1615 | D        | Got Sif Muna's Atlas of the Pyromaniac and Inhalation {god
                  | gift}
  1681 | D        | Learned a level 6 spell: Plasma Beam
  1687 | D        | Learned a level 5 spell: Freezing Cloud
  1791 | D        | Noticed a hellwing
  1791 | D        | Noticed a cane toad
  1796 | D        | Slain by a hellwing

Illustrated notes

Levels and vault maps discovered:
D:        pitsprint [storerooms_1, entrance_room_1, metal_vault_4, armoury_2,
          mini_pit_1, grid_room_1, main_hall_1, silver_pit, the_coven_3,
          the_vestibule_1, steel_vault_4, golden_pit, hallway_of_sentries,
          crystal_vault_4, iron_vault_4, final_vault]

Skill      XL: |  1  2  3  4  5  6  7  8  9 |
---------------+----------------------------+-----
Spellcasting   | 5 6 8 10 11 | 11.9
Conjurations   | 5 7 8 9 11 12 13 | 13.6
Fire Magic     | 6 8 9 10 12 13 14 | 14.1
Invocations    | 3 4 5 7 8 |  8.8
Translocations | 3 4 |  4.6
Ice Magic      | 3 4 |  4.6
Dodging        | |  2.5
Stealth        | |  2.5

Action                     |  1- 3 |  4- 6 |  7- 9 || total
---------------------------+-------+-------+-------++-------
  Melee: Quarterstaff      |       |     2 |       ||     2
   Cast: Foxfire           |    17 |    12 |       ||    29
         Scorch            |       |    17 |    25 ||    42
         Flame Wave        |       |       |     7 ||     7
    Use: Potion            |     2 |     1 |     8 ||    11
         Scroll            |     1 |       |       ||     1
 Armour: Robe              |     2 |     1 |     3 ||     6
  Dodge: Dodged            |     3 |     6 |    20 ||    29

Table legend: (Time is in decaauts)
 A = Elapsed time spent in this place.
 B = Non-inter-level travel time spent in this place.
 C = Inter-level travel time spent in this place.
 D = Time resting spent in this place.
 E = Time spent auto-exploring this place.
 F = Levels seen in this place.
 G = Mean time per level.
                   A        B        C        D        E       F      G
               +--------+--------+--------+--------+--------+-----+--------+
         Total |   1810 |   1747 |     63 |   1333 |      0 |   1 | 1810.0 |
       Dungeon |   1810 |   1747 |     63 |   1333 |      0 |   1 | 1810.0 |
               +--------+--------+--------+--------+--------+-----+--------+

Top non-repeatable levels by time:
       D: 1810 daAuts
